 Dungeon Crawl Stone Soup version 0.25-a0-781-gc44aebf4fe (webtiles) character file.

Game seed: 9070127111169440413, levelgen mode: deterministic

354 kae the Ruffian (level 6, -2/47 HPs)
             Began as a Draconian Transmuter on Apr 15, 2020.
             Killed by divine providence
             ... invoked by an orc priest
              (9 damage)
             ... on level 3 of the Dungeon.
             The game lasted 00:02:12 (3033 turns).

kae the Ruffian (Draconian Transmuter)              Turns: 3033, Time: 00:02:12

Health: -2/47      AC:  2    Str: 15    XL:     6   Next: 35%
Magic:  8/11       EV: 19    Int: 13    God:
Gold:   171        SH:  0    Dex: 16    Spells: 6/12 levels left

rFire    . . .     SeeInvis .     - Unarmed
rCold    . . .     Gourm    .   (shield currently unavailable)
rNeg     . . .     Faith    .   (armour unavailable)
rPois    x         Spirit   .   (helmet currently unavailable)
rElec    .         Reflect  .   (cloak currently unavailable)
rCorr    .         Harm     .   (gloves currently unavailable)
MR       .....                  (boots currently unavailable)
Stlth    +.........             (no amulet)
HPRegen  0.15/turn              (no ring)
MPRegen  0.12/turn              (no ring)

@: spider-form
A: tiny, unfitting armour, AC +6
a: End Transformation


You were on level 3 of the Dungeon.
You were hungry.
You were a venomous arachnid creature.
You visited 1 branch of the dungeon, and saw 3 of its levels.

You collected 171 gold pieces.

Inventory:

Missiles
 a - 44 arrows
Potions
 d - a potion of brilliance
Comestibles
 b - 3 chunks of flesh
 c - 3 rations


   Skills:
 - Level 1.1 Fighting
 - Level 1.7 Dodging
 * Level 5.5 Unarmed Combat
 + Level 3.5 Spellcasting
 + Level 3.7 Transmutations


You had 6 spell levels left.
You knew the following spells:

 Your Spells              Type           Power        Failure   Level  Hunger
a - Beastly Appendage     Tmut           ##....       14%         1    #......
b - Sticks to Snakes      Tmut           ##......     19%         2    ##.....
c - Spider Form           Tmut/Pois      #.........   52%         3    ###....

Your spell library contained the following spells:

 Spells                   Type           Power        Failure   Level  Hunger
 Ice Form                 Ice/Tmut       #.......     87%         4    #####..
 Blade Hands              Tmut           ##........   91%         5    ######.


Dungeon Overview and Level Annotations

Branches:
Dungeon (3/15)

Altars:


Innate Abilities, Weirdness & Mutations

((Your plain brown scales are hard. (AC +6)))
You cannot fit into any form of body armour.
((You are cold-blooded and may be slowed by cold attacks.))


Message History

You are too injured to fight recklessly!
You are too injured to fight recklessly!
You are too injured to fight recklessly!
You are too injured to fight recklessly!
You hit the orc priest but do no damage.
The orc priest is poisoned.
The orc priest mumbles some strange prayers to Beogh against you.
Beogh smites you!
* * * LOW HITPOINT WARNING * * *
The orc misses you.
You bite the orc priest!
The orc priest is heavily wounded.
The orc priest hits you.
* * * LOW HITPOINT WARNING * * *
You hit the orc priest.
The orc priest is almost dead.
The orc misses you.
The orc priest mumbles some strange prayers to Beogh against you.
Beogh smites you!
You die...

#..............#
..............#
#....#........# .#
#.............##.# #
##.#...............
...###.....#............
........#..###.....##..#
......os).$......÷......
......o....##.##÷<......
........#..#..#.........
..........###...............
..........###..#............
...............###..........
..........###...............
.......... ...####.........
#.........# ... #..........


You could see an orc priest and an orc.

Vanquished Creatures
  Grinder (D:3)
  Natasha (thrice) (D:2)
  Ijyb (D:3)
  An adder (D:2)
  A worm (D:2)
  2 leopard geckos
  An orc (D:3)
  5 bats
  4 giant cockroaches
  6 hobgoblins
  3 jackals (D:1)
  A quokka (D:3)
  4 frilled lizards
  4 goblins
  7 kobolds
  4 rats
48 creatures vanquished.

Notes
Turn   | Place    | Note
-------+----------+-------------------------------------------
     0 | D:1      | kae the Draconian Transmuter began the quest for the Orb.
     0 | D:1      | Reached XP level 1. HP: 16/16 MP: 3/3
   154 | D:1      | Reached XP level 2. HP: 5/23 MP: 3/5
  1113 | D:2      | Reached XP level 3. HP: 22/28 MP: 4/6
  1725 | D:3      | Noticed Natasha
  1766 | D:2      | Killed Natasha
  1766 | D:2      | Reached skill level 4 in Unarmed Combat
  1766 | D:2      | Reached XP level 4. HP: 22/35 MP: 7/7
  1788 | D:2      | Learned a level 2 spell: Sticks to Snakes
  1792 | D:2      | Learned a level 3 spell: Spider Form
  2070 | D:2      | Noticed Natasha
  2079 | D:2      | Killed Natasha
  2421 | D:2      | Noticed Natasha
  2428 | D:2      | Killed Natasha
  2715 | D:3      | Noticed Grinder
  2722 | D:3      | Paralysed by Grinder for 4 turns
  2735 | D:3      | Killed Grinder
  2735 | D:3      | Reached skill level 5 in Unarmed Combat
  2735 | D:3      | Reached XP level 5. HP: 19/40 MP: 8/10
  2735 | D:3      | Reached XP level 6. HP: 22/47 MP: 8/11
  2954 | D:3      | Noticed Ijyb
  3016 | D:3      | Killed Ijyb
  3033 | D:3      | Killed from afar by an orc priest

Levels and vault maps discovered:
D:1:      psy_arrival_statuary, layout_basic
D:2:      layout_basic
D:3:      layout_rooms, marbit_many_paths, grunt_gozag_statues,
          minmay_fountain_box, uniq_ijyb, uniq_natasha, uniq_grinder

Skill      XL: |  1  2  3  4 |
---------------+-------------+-----
Unarmed Combat | 4 5 |  5.5
Transmutations | 3 |  3.7
Spellcasting   | 3 |  3.5
Fighting       | |  1.1
Dodging        | |  1.7

Action                   |  1- 3 |  4- 6 || total
-------------------------+-------+-------++-------
Melee: Unarmed           |   116 |    42 ||   158
       Tailslap          |     7 |     3 ||    10
       Headbutt          |     5 |       ||     5
       Kick              |    12 |       ||    12
       Punch             |     1 |       ||     1
 Cast: Beastly Appendage |    25 |     2 ||    27
       Spider Form       |       |     4 ||     4
  Use: Scroll            |     1 |     7 ||     8
       Potion            |     4 |     1 ||     5
  Eat: Chunk             |     3 |     4 ||     7
Armor: Skin              |    36 |     5 ||    41
Dodge: Dodged            |    83 |    29 ||   112

Table legend:
 A = Non-vault XP
 B = Vault XP
 C = Vault XP percentage of total XP
 D = Non-vault monster count
 E = Vault monster count
 F = Vault count percentage of total count
                 A         B        C        D         E       F
            +---------+---------+-------+---------+---------+-------
      Total |     155 |     352 |  69.4 |      44 |       4 |   8.3
            +---------+---------+-------+---------+---------+-------
        D:1 |      37 |       0 |   0.0 |      23 |       0 |   0.0
        D:2 |     106 |      37 |  25.9 |      15 |       1 |   6.2
        D:3 |      12 |     315 |  96.3 |       6 |       3 |  33.3
            +---------+---------+-------+---------+---------+-------
